 Dungeon Crawl Stone Soup version 0.17-a0-2171-ga91b4ec (webtiles) character file.

71 nicanaca0 the Firebug (level 4, -4/24 HPs)
             Began as a Deep Elf Fire Elementalist on Oct 25, 2015.
             Slain by Sigmund
             ... wielding a +0 scythe
              (8 damage)
             ... on level 2 of the Dungeon.
             The game lasted 00:08:17 (2193 turns).

nicanaca0 the Firebug (Deep Elf Fire Elementalist)  Turns: 2193, Time: 00:08:17

Health: -4/24      AC:  2    Str:  5    XL:     4   Next: 5%
Magic:  3/10       EV: 13    Int: 21    God:
Gold:   55         SH:  0    Dex: 15    Spells: 4 memorised, 0 levels left

rFire  . . .     SeeInvis .     n - +0 short sword
rCold  . . .     Clarity  .     a - +0 robe
rNeg   . . .     SustAt   .     (no shield)
rPois  .         Gourm    .     (no helmet)
rElec  .         Spirit   .     (no cloak)
rCorr  .         Warding  .     (no gloves)
rMut   .         Stasis   .     (no boots)
MR     .....                    (no amulet)
Stlth  ++........               (no ring)
                                (no ring)

@: not resistant to hostile enchantments, unstealthy
A: no striking features
a: no special abilities


You were on level 2 of the Dungeon.
You were not hungry.

You visited 1 branch of the dungeon, and saw 2 of its levels.

You collected 55 gold pieces.

Inventory:

Hand Weapons
 h - a +0 dagger
 n - a +0 short sword (weapon)
Missiles
 e - 116 stones (quivered)
Armour
 a - a +0 robe (worn)
Jewellery
 m - an uncursed ring of poison resistance {unknown}
Scrolls
 f - 3 scrolls of teleportation {unknown}
 g - 2 scrolls of enchant weapon {unknown}
 k - 3 scrolls of identify {unknown}
 o - a scroll of magic mapping {unknown}
 p - a scroll of noise {unknown}
Potions
 d - a potion of heal wounds {unknown}
 j - 2 potions of agility {unknown}
 l - 2 potions of haste {unknown}
 q - a potion of poison {unknown}
Books
 b - a book of Flames

   Spells                             Type                      Level
   a - Flame Tongue                   Conjuration/Fire             1
   b - Throw Flame                    Conjuration/Fire             2
   c - Conjure Flame                  Conjuration/Fire             3
   d - Inner Flame                    Hexes/Fire                   3
   e - Sticky Flame                   Conjuration/Fire             4
   f - Fireball                       Conjuration/Fire             5
Comestibles
 c - a bread ration
 i - 4 chunks of flesh


   Skills:
 - Level 2.4 Dodging
 - Level 2.4 Stealth
 - Level 3.0 Spellcasting
 + Level 3.5 Conjurations
 + Level 4.1 Fire Magic


You couldn't memorise any spells.
You knew the following spells:

 Your Spells              Type           Power        Failure   Level  Hunger
a - Flame Tongue          Conj/Fire      ###..        2%          1    None
b - Throw Flame           Conj/Fire      ###...       4%          2    ##.....
c - Conjure Flame         Conj/Fire      ###.....     10%         3    ###....
d - Inner Flame           Hex/Fire       ##......     21%         3    ###....


Dungeon Overview and Level Annotations

Branches:
Dungeon (2/15)

Altars:

Annotations:
D:2 Sigmund


Message History

Sigmund is heavily wounded.
Sigmund screams, "Don't try to resist!"
Sigmund gestures wildly while chanting.
Sigmund flickers and vanishes!
Deactivating autopickup; reactivate with Ctrl-A.
Casting: Flame Tongue
Confirm with . or Enter, or press ? or * to list all spells.
You can't see any susceptible monsters within range! (Use Z to cast anyway.) Unknown command.
A puff of flame appears from out of thin air!
The puff of flame misses you.
A puff of flame appears from out of thin air!
The puff of flame hits you!
Some of the chunks of flesh in your inventory have rotted away.
A puff of flame appears from out of thin air!
The puff of flame misses you. Something hits you!
* * * LOW HITPOINT WARNING * * *
Something hits you!
You die...

####'####.....###....
###.#
#...........##....####..).
#####.#'###.#.[...'†[..#.#
#.....#.#.....###....#
###.#.#.#.......#.####
#.#.#.#....[...)....
+.#.#.#....####.####
###.....#.###...#...
#..@#.#....)......##
+.#.#.............##
###.....##.........#
########..........#
#.................#
#....###.#.........
#.......#.....#####
#....##.#.###.# #
#.......#.# #.# #


There were no monsters in sight!

Vanquished Creatures
  2 adders (D:2)
  An ooze (D:1)
  2 giant geckos
  6 bats
  4 giant cockroaches
  7 goblins (D:1)
  8 hobgoblins
  5 giant newts (D:1)
  7 kobolds
  2 rats
44 creatures vanquished.

Notes
Turn   | Place    | Note
--------------------------------------------------------------
     0 | D:1      | nicanaca0 the Deep Elf Fire Elementalist began the quest for the Orb.
     0 | D:1      | Reached XP level 1. HP: 10/10 MP: 6/6
   635 | D:1      | Reached XP level 2. HP: 15/15 MP: 4/8
   721 | D:1      | Learned a level 2 spell: Throw Flame
  1152 | D:1      | Reached XP level 3. HP: 19/19 MP: 7/9
  1431 | D:2      | Noticed Sigmund
  1450 | D:1      | Learned a level 3 spell: Conjure Flame
  1755 | D:2      | Reached skill level 4 in Fire Magic
  2021 | D:2      | Reached XP level 4. HP: 24/24 MP: 7/10
  2026 | D:2      | Learned a level 3 spell: Inner Flame
  2193 | D:2      | Slain by Sigmund

Vault maps used:
D:1:      dpeg_arrival_pond
D:2:      minmay_statues_item, uniq_sigmund

Action                   |  1- 3 |  4- 6 || total
-------------------------+-------+-------++-------
Melee: Dagger            |    10 |       ||    10
       Short sword       |    38 |     3 ||    41
Throw: Stone             |     6 |     3 ||     9
 Cast: Flame Tongue      |    55 |     6 ||    61
       Throw Flame       |     1 |       ||     1
       Conjure Flame     |       |     1 ||     1
       Inner Flame       |       |     1 ||     1
 Stab: Sleeping          |     5 |       ||     5
  Eat: Chunk             |     3 |     1 ||     4
